 Dungeon Crawl Stone Soup version 0.31-a0-986-g5e6e4ef867 (webtiles) character file.

Game seed: 14814123057372477743

196 dialectric the Covert (level 5, -5/28 HPs)
             Began as a Spriggan Delver on Nov 15, 2023.
             Killed from afar by an orc wizard (7 damage)
             ... with a magic dart
             ... on level 4 of the Dungeon.
             The game lasted 00:06:18 (3016 turns).

dialectric the Covert (Spriggan Delver)             Turns: 3016, Time: 00:06:19

Health: -5/28      AC:  2    Str:  8    XL:     5   Next: 45%
Magic:  6/6        EV: 19    Int: 12    God:
Gold:   170        SH:  0    Dex: 18    Spells: 4/4 levels left

rFire   . . .        a - +0 short sword
rCold   . . .        (no shield)
rNeg    . . .        b - +0 robe
rPois   +            (helmet restricted)
rElec   .            m - scarf {repulsion}
rCorr   .            (gloves unavailable)
SInv    +            (boots unavailable)
Will    .....        r - amulet of the acrobat
Stlth   ++           v - ring of poison resistance
HPRegen 0.24/turn    (no ring)
MPRegen 0.10/turn

%: repel missiles, acrobat
@: confused, very quick
A: very small, no large weapons, unfitting armour, see invisible, speed 3
a: no special abilities


You were on level 4 of the Dungeon.
You visited 1 branch of the dungeon, and saw 5 of its levels.

You collected 170 gold pieces.

Inventory:

Hand Weapons
 a - a +0 short sword (weapon)
 h - a +2 falchion of flaming
Missiles
 z - a poisoned dart (quivered)
Armour
 b - a +0 robe (worn)
 m - a scarf of repulsion (worn)
Jewellery
 r - an amulet of the acrobat (around neck)
 v - a ring of poison resistance (left hand)
 A - a ring of wizardry
Wands
 g - a wand of digging (3)
 i - a wand of quicksilver (7)
 y - a wand of polymorph (9)
Scrolls
 c - a scroll of fog
 d - a scroll of revelation
 e - 2 scrolls of fear
 j - a scroll of blinking {unknown}
 l - 3 scrolls of identify {unknown}
 o - a scroll of enchant weapon {unknown}
 u - 2 scrolls of noise
 w - a scroll of acquirement {unknown}
Potions
 f - 4 potions of haste
 k - a potion of berserk rage {unknown}
 n - a potion of lignification {unknown}
 p - a potion of brilliance {unknown}
 q - a potion of attraction {unknown}
 s - a potion of curing
 t - a potion of cancellation
 x - a potion of heal wounds {unknown}


   Skills:
 + Level 2.8 Fighting
 + Level 4.0 Short Blades
 + Level 4.0 Dodging
 + Level 9.0 Stealth


You had 4 spell levels left.
You didn't know any spells.
Your spell library contained the following spells:

 Spells                   Type           Power      Damage    Failure   Level
 Magic Dart               Conj           0%         1d3       32%         1
 Call Imp                 Summ           0%         N/A       45%         2
 Mephitic Cloud           Conj/Pois/Air  0%         N/A       69%         3


Dungeon Overview and Level Annotations

Branches:
Dungeon (5/15)
 Temple: D:4-7

Altars:
Fedhas
Kikubaaqudgha
Okawaru

Shops:
D:5 =

Annotations:
D:3 Jessica
D:5 Ijyb


Innate Abilities, Weirdness & Mutations

You are very small and have problems with some larger weapons.
You are too small for most types of armour.
You have supernaturally acute eyesight. (SInv)
You cover ground extremely quickly. (Speed+++)


Message History

Unknown command.
You're too confused to move!
The orc wizard hits you with a +2 vampiric dagger.
The orc hits you but does no damage. The orc closely misses you.
You hit the orc wizard but do no damage.
The orc wizard is almost dead.
The orc wizard barely misses you. The orc hits you but does no damage.
The orc closely misses you.
Unknown command.
You barely miss the orc wizard.
The orc wizard is almost dead.
The orc wizard completely misses you. The orc misses you.
Unknown command.
You closely miss the orc. The orc hits you with a +0 flail.
The orc wizard barely misses you. The orc attacks as it pursues you!
The orc misses you.
Unknown command.
You feel less confused.
The orc wizard points at you and mumbles some strange words.
The puff of flame hits you. The orc closely misses you.
You feel better. The orc wizard casts a spell at you.
You are confused.
You closely miss the orc wizard.
The orc wizard is almost dead.
The orc completely misses you. x2
You barely miss the orc wizard.
The orc wizard is almost dead.
The orc wizard hits you with a +2 vampiric dagger.
The orc wizard draws strength from your wounds!
The orc misses you. The orc hits you with a +0 flail.
You hit the orc.
The orc is almost dead.
The orc hits you with a +0 short sword.
* * * LOW HITPOINT WARNING * * *
The orc hits you with a +0 flail.
* * * LOW HITPOINT WARNING * * *
The orc wizard gestures at you while chanting.
The magic dart hits you!
You die...

#~~####.......### ##.##
≈≈≈~#.....##### #.## ≈≈#≈.######
####.# ≈≈≈~≈.## ########....#
≈≈#≈~~...#####...........#
~~~≈~~...................#
~≈~~~..##.........†......#
≈≈≈~~~##................##
≈≈≈≈~~##.......o@.......#
≈≈≈~~###.......oo.......#
≈≈≈#.###...............##
≈≈≈~#..#...............#
≈≈~###.................# ~.##
###..............##
#..######.............# ##.
........#.............## ##....
###.............(......####......


You could see an orc wizard and 2 orcs.

Vanquished Creatures
  Terence (D:3)
  3 gnolls (D:3)
  3 adders
  4 worms
  11 dart slugs
  An orc (D:4)
  7 ball pythons
  6 endoplasms
  7 giant cockroaches
  4 goblins
  3 hobgoblins
  8 jackals
  A quokka (D:2)
  4 bats
  3 frilled lizards
  7 kobolds
  7 rats
80 creatures vanquished.

Notes
Turn   | Place    | Note
-------+----------+-------------------------------------------
     0 | D:5      | dialectric the Spriggan Delver began the quest for the Orb.
     0 | D:5      | Reached XP level 1. HP: 11/11 MP: 2/2
    40 | D:5      | Found an ancient bone altar of Kikubaaqudgha.
   219 | D:4      | Noticed an orc wizard
   294 | D:4      | Reached XP level 2. HP: 16/16 MP: 3/3
   440 | D:4      | Reached skill level 8 in Stealth
   678 | D:4      | Reached XP level 3. HP: 18/19 MP: 4/4
  1942 | D:2      | Reached XP level 4. HP: 22/23 MP: 5/5
  2293 | D:3      | Noticed Terence
  2297 | D:3      | Killed Terence
  2365 | D:3      | Reached XP level 5. HP: 28/28 MP: 6/6
  2541 | D:3      | Reached skill level 9 in Stealth
  2663 | D:3      | Noticed Jessica
  2674 | D:3      | Found a blossoming altar of Fedhas.
  2826 | D:5      | Found an iron altar of Okawaru.
  2835 | D:5      | Noticed a phantom
  2919 | D:5      | Noticed an ogre
  2928 | D:5      | Found Ryipni Teom's Jewellery Boutique.
  2928 | D:5      | Noticed Ijyb
  3016 | D:4      | Killed from afar by an orc wizard

Illustrated notes

Levels and vault maps discovered:
D:1:      reono_arrival_mine, layout_basic
D:2:      layout_rooms
D:3:      layout_rooms, fedhas_altar_2, shapermc_ecumenical_altar_mp_vishouse,
          serial_bayou_pond_e, uniq_jessica, uniq_terence
D:4:      kennysheep_slugbush, layout_cave_pods, nrook_mini_backslash
D:5:      layout_cave_pools, mainiacjoe_overflow_catwalk,
          nicolae_kikubaaqudgha_miasma_corner, mainiacjoe_overflow_brackets,
          nicolae_sif_muna_little_library, serial_shops, shop_statue,
          chequers_jeans, minmay_misc_feat_tiny, kennysheep_potato, uniq_ijyb,
          uniq_edmund

Skill      XL: |  1  2  3  4  5 |
---------------+----------------+-----
Stealth        | 8 9 |  9.0
Dodging        | 3 4 |  4.0
Short Blades   | 3 4 |  4.0
Fighting       | |  2.8

Action                     |  1- 3 |  4- 6 || total
---------------------------+-------+-------++-------
  Melee: Short sword       |   145 |   174 ||   319
         Punch             |     1 |       ||     1
  Throw: Dart              |     2 |     3 ||     5
  Evoke: Wand              |       |     3 ||     3
    Use: Scroll            |       |     1 ||     1
         Potion            |       |     3 ||     3
   Stab: Sleeping          |    15 |     7 ||    22
 Armour: Robe              |    45 |    43 ||    88
  Dodge: Dodged            |    82 |   177 ||   259
         Repelled          |     4 |     1 ||     5

Table legend: (Time is in decaauts)
 A = Elapsed time spent in this place.
 B = Non-inter-level travel time spent in this place.
 C = Inter-level travel time spent in this place.
 D = Time resting spent in this place.
 E = Time spent auto-exploring this place.
 F = Levels seen in this place.
 G = Mean time per level.
                   A        B        C        D        E       F      G
               +--------+--------+--------+--------+--------+-----+--------+
         Total |   2071 |   2030 |     41 |     46 |   1064 |   5 |  414.2 |
       Dungeon |   2071 |   2030 |     41 |     46 |   1064 |   5 |  414.2 |
               +--------+--------+--------+--------+--------+-----+--------+

Top non-repeatable levels by time:
     D:1: 679 daAuts
     D:4: 561 daAuts
     D:2: 347 daAuts
     D:3: 341 daAuts
     D:5: 141 daAuts
